AoeStats
← jcsoriano1

Four Lakes

509428159Analyzed
1v1 RM · 5d ago on Sep 26, 2026· 32m 50s· 2 players
Game mode
Random Map
Map size
Tiny (2 player)
Population
200
Speed
Normal
Resources
Standard
Victory
Conquest
Starting age
Dark Age
Ending age
Imperial Age
RankedLock teamsTeams togetherTeam positionsShared explorationLock speedFull tech treeHidden civsTurbo modeCheats
Victory
Defeat
🇫🇮 Japanese · Finland
932
+16
🇲🇽 Chinese · Mexico
922
-16
jcsoriano1
2:03 Loom
12:15 Feudal Age
12:08 Loom
18:20 Castle Age
16:17 Double-Bit Axe
17:33 Fishing Lines
18:09 Gold Mining
20:04 Crossbowman
23:30 Gillnets
23:37 Fletching
25:35 Bow Saw
27:27 Forging
28:47 Bodkin Arrow
29:12 Town Watch
30:34 Wheelbarrow
31:35 Town Patrol
31:55 Hand Cart
Majeha
8:16 Loom
11:02 Feudal Age
11:05 Man-at-Arms
18:50 Castle Age
18:29 Bloodlines
18:29 Scale Barding Armor
18:25 Double-Bit Axe
19:29 Fishing Lines
20:59 Husbandry
23:17 Gillnets
24:22 Chain Barding Armor
28:16 Fletching
33:35 Imperial Age
32:30 Bodkin Arrow
Connection lost

Rejoining the realm…

Still unreachable

The connection could not be restored.

Session expired

The server has moved on; the page needs a fresh start.